 Dungeon Crawl Stone Soup version 0.19-a0-1908-g43c011f (webtiles) character file.

382 sveltemanboy the Distorting Demonspawn (level 6, 0/47 HPs)
             Began as a Demonspawn Abyssal Knight on Oct 22, 2016.
             Was a Believer of Lugonu.
             Slain by an orc priest
             ... wielding a +0 club
              (1 damage)
             ... on level 4 of the Dungeon.
             The game lasted 00:09:40 (4667 turns).

sveltemanboy the Distorting Demonspawn (DsAK)       Turns: 4667, Time: 00:09:41

Health: 0/47       AC:  5    Str: 18      XL:     6   Next: 47%
Magic:  9/9        EV: 13    Int: 14      God:    Lugonu [**....]
Gold:   243        SH:  0    Dex: 12 (13) Spells: 0 memorised, 5 levels left

rFire  . . .     SeeInvis .     a - +0 dagger (flame)
rCold  . . .     Gourm    .     h - +0 leather armour
rNeg   . . .     Faith    .     (no shield)
rPois  .         Spirit   .     (no helmet)
rElec  .         Reflect  .     A - +0 cloak
rCorr  .         Harm     .     q - +0 pair of gloves
MR     .....                    (no boots)
Stlth  +++.......               (no amulet)
                                p - +3 ring of strength
                                l - +2 ring of strength

@: heavily drained
A: claws 1, repulsion field 1, demonic guardian 1, nightstalker 1
a: Depart the Abyss, Bend Space, Renounce Religion


You were on level 4 of the Dungeon.
You worshipped Lugonu.
Lugonu was pleased with you.
You were not hungry.

You visited 1 branch of the dungeon, and saw 4 of its levels.
You visited the Abyss 1 time.

You collected 243 gold pieces.

Inventory:

Hand Weapons
 a - a +0 dagger of flaming (weapon)
 b - a +0 short sword
Armour
 h - a +0 leather armour (worn)
 q - a +0 pair of gloves (worn)
 A - a +0 cloak (worn)
Jewellery
 l - a +2 ring of strength (left hand)
 n - an uncursed ring of protection from fire
 p - a +3 ring of strength (right hand)
Scrolls
 d - a scroll of noise {unknown}
 f - 6 scrolls of identify {unknown}
 k - 2 scrolls of teleportation {unknown}
 m - 5 scrolls of remove curse {unknown}
 o - a scroll of enchant armour {unknown}
 t - 2 scrolls of recharging {unknown}
 u - a scroll of amnesia {unknown}
 w - a scroll of immolation {unknown}
 y - a scroll of blinking {unknown}
Potions
 e - a potion of heal wounds
 j - 2 potions of berserk rage {unknown}
 v - a potion of invisibility {unknown}
 x - 3 potions of brilliance {unknown}
 C - 2 potions of ambrosia {unknown}
 D - a potion of agility {unknown}
Comestibles
 c - 2 bread rations
 g - 2 beef jerkies
 i - 2 meat rations
 r - a slice of pizza
 s - a royal jelly
 B - 3 fruits


   Skills:
 - Level 3.0(1.6) Fighting
 - Level 2.4(1.0) Short Blades
   Level 2.6(1.3) Polearms
 - Level 2.2(0.9) Armour
 - Level 1.1(0.0) Dodging
 * Level 3.5(2.0) Stealth
 * Level 1.1(0.0) Unarmed Combat
 + Level 4.6(3.2) Invocations


You had 5 spell levels left.
You didn't know any spells.

Dungeon Overview and Level Annotations

Branches:
Dungeon (4/15)
 Temple: D:4-7

Altars:
Elyvilon
Fedhas

Annotations:
D:4 Dowan, Duvessa, Natasha


Innate Abilities, Weirdness & Mutations

You have sharp fingernails.
You are surrounded by a mild repulsion field. (EV +2)
A weak demonic guardian rushes to your aid.
You are slightly more attuned to the shadows.


Message History

Your quasit disappears in a puff of smoke!
The orc priest hits you but does no damage.
You hit the orc priest but do no damage.
The orc priest is severely wounded.
The orc priest closely misses you.
Unknown command.
You hit the orc priest but do no damage.
The orc priest is severely wounded.
The orc priest hits you with a club.
* * * LOW HITPOINT WARNING * * *
You hit the orc priest but do no damage.
The orc priest is severely wounded.
The orc priest hits you with a club.
* * * LOW HITPOINT WARNING * * *
You hit the orc priest but do no damage.
The orc priest is severely wounded.
You hit the orc priest but do no damage.
The orc priest is severely wounded.
The orc priest hits you with a club.
You die...

....##.#
.#####.#
.......#
######## #
######## #
ooo....# #)#
#o##### #.#
#.@...#######
###..##
##..........#
#.....#
#.##.#.###>#
#.#.#.#
#?##.#.###.#
#.#.#<##
#.##....##"#
#...<..#
#.##.#..##.#
#......###
#.......##.#
..........
####.......#
#.....####
####.####


You could see an orc priest.

Vanquished Creatures
  2 howler monkeys (D:4)
  A crimson imp (D:4)
  A bullfrog skeleton (D:4)
  Natasha (D:4)
  4 gnolls (D:3)
  3 adders
  4 oozes
  3 dart slugs
  A leopard gecko (D:3)
  2 orcs
  A ball python (D:3)
  12 bats
  5 giant cockroaches
  3 goblins
  7 hobgoblins
  6 jackals (D:1)
  3 quokkas
  2 frilled lizards
  4 kobolds
  A rat (D:1)
66 creatures vanquished.

Vanquished Creatures (collateral kills)
  A scorpion (D:4)
  A centaur skeleton (D:4)
  An orc wizard (D:4)
  An orc (D:4)
4 creatures vanquished.

Vanquished Creatures (others)
  An orc wizard (D:4)
  A kobold (D:3)
2 creatures vanquished.

Grand Total: 72 creatures vanquished

Notes
Turn   | Place    | Note
-------+----------+-------------------------------------------
     0 | Abyss:1  | sveltemanboy the Demonspawn Abyssal Knight began the quest for the Orb.
     0 | Abyss:1  | Reached XP level 1. HP: 18/18 MP: 2/2
   117 | Abyss:1  | Noticed a ynoxinul
   118 | D:1      | Escaped the Abyss
   190 | D:1      | Reached skill level 1 in Dodging
   277 | D:1      | Reached * piety under Lugonu
   357 | D:1      | Gained mutation: You are surrounded by a mild repulsion field. (EV +2) [demonic ancestry]
   357 | D:1      | Reached XP level 2. HP: 24/24 MP: 4/4
   763 | D:1      | Gained mutation: You are slightly more attuned to the shadows. [demonic ancestry]
   763 | D:1      | Reached XP level 3. HP: 29/29 MP: 5/5
  1537 | D:2      | Reached ** piety under Lugonu
  1596 | D:2      | Reached skill level 1 in Stealth
  1996 | D:2      | Found a blossoming altar of Fedhas.
  2085 | D:2      | Reached skill level 3 in Invocations
  2390 | D:3      | Found a white marble altar of Elyvilon.
  2408 | D:3      | Reached XP level 4. HP: 15/35 MP: 6/6
  2893 | D:3      | Reached skill level 1 in Short Blades
  3200 | D:3      | Found a faded altar of an unknown god.
  3721 | D:3      | Gained mutation: A weak demonic guardian rushes to your aid. [demonic ancestry]
  3721 | D:3      | Reached XP level 5. HP: 41/41 MP: 7/7
  3869 | D:4      | Noticed Duvessa
  3931 | D:4      | Noticed Natasha
  3934 | D:4      | Killed Natasha
  3984 | D:4      | Reached skill level 4 in Invocations
  4046 | D:4      | Noticed Dowan
  4283 | D:4      | Noticed Natasha
  4411 | D:4      | Gained mutation: You have sharp fingernails. [demonic ancestry]
  4411 | D:4      | Reached XP level 6. HP: 47/47 MP: 9/9
  4619 | D:4      | Reached skill level 1 in Unarmed Combat
  4665 | D:4      | HP: 1/47 [orc priest/club (4)]
  4667 | D:4      | Slain by an orc priest

Vault maps used:
D:1:      dpeg_arrival_snail
D:2:      first_bread, fedhas_altar_4
D:3:      elyvilon_altar_4, ecumenical_altar_2
D:4:      uniq_duvessa, uniq_natasha
Abyss:1:  evilmike_abyss_exit_15

Skill      XL: |  1  2  3  4  5  6 |
---------------+-------------------+-----
Dodging        | 1 |  1.1
Polearms       | 2 |  2.6
Armour         | 2 |  2.2
Stealth        | 1 2 3 |  3.5
Invocations    | 3 4 |  4.6
Short Blades   | 1 2 |  2.4
Unarmed Combat | 1 |  1.1
Fighting       | |  3.0

Action                   |  1- 3 |  4- 6 || total
-------------------------+-------+-------++-------
Melee: Spear             |    81 |       ||    81
       Dagger            |    50 |    95 ||   145
       Short sword       |    49 |    89 ||   138
Invok: Depart the Abyss  |     1 |       ||     1
  Use: Potion            |     1 |       ||     1
 Stab: Sleeping          |     4 |     7 ||    11
  Eat: Chunk             |     5 |     7 ||    12
Armor: Leather armour    |    51 |    32 ||    83
Dodge: Dodged            |   122 |    92 ||   214
